SR
NEWCASTLE MERMEN @ GERMANTOWN URUGUAYANS
06/21/2034
 
TOP OF THE 1ST
Newcastle Mermen batting - Pitching for Germantown Uruguayans : LHP Armando Álvarez
Pitching: LHP Armando Álvarez
Batting: RHB John Ryan 0-0: Ball
1-0: Ball
2-0: Ball
3-0: Called Strike
3-1: Foul Ball, location: 2F
3-2: Base on Balls
Batting: RHB Estanislao Hirigoyen 0-0: Swinging Strike
0-1: Swinging Strike
0-2: Ball
1-2: Strikes out swinging
Batting: RHB Barsati Saraf 0-0: Ball
1-0: Ball
2-0: Fly out, F8 (Flyball, 8LD)
Batting: SHB José García 0-0: Called Strike
0-1: Ball
1-1: Ball
2-1: DOUBLE (Flyball, 8RD)
John Ryan to third
Batting: RHB Seung-hwan Pak 0-0: Called Strike
0-1: SINGLE (Flyball, 78M)
John Ryan scores
José García to third
Runner from 3rd tries for Home, SAFE, no throw
Batting: RHB Scott French 0-0: Ball
1-0: Called Strike
1-1: Ball
2-1: Ball
3-1: Foul Ball, location: 2F
3-2: Ground out 5-3 (Groundball, 56S)
Top of the 1st over - 2 runs, 2 hits, 0 errors, 1 left on base; Newcastle 2 - Germantown 0
BOTTOM OF THE 1ST
Germantown Uruguayans batting - Pitching for Newcastle Mermen : LHP Sergio Gallegos
Pitching: LHP Sergio Gallegos
Batting: RHB Jurgen Flurgenburgen 0-0: Ball
1-0: Bunted foul
1-1: Foul Ball, location: 2F
1-2: Foul Ball, location: 2F
1-2: Ball
2-2: Ball
3-2: Base on Balls
Batting: RHB Sasha Orlovsky 0-0: Called Strike
0-1: Ball
1-1: Ball
2-1: Swinging Strike
2-2: Foul Ball, location: 2F
2-2: Ball
3-2: Strikes out swinging
Batting: LHB Felipe Dávila 0-0: Ball
Jurgen Flurgenburgen is caught stealing 2nd base
1-0: Foul Ball, location: 2F
1-1: Ball
2-1: Foul Ball, location: 2F
2-2: Strikes out swinging
Bottom of the 1st over - 0 runs, 0 hits, 0 errors, 0 left on base; Newcastle 2 - Germantown 0
TOP OF THE 2ND
Newcastle Mermen batting - Pitching for Germantown Uruguayans : LHP Armando Álvarez
Batting: RHB Katsuyuki Nakamura 0-0: Ball
1-0: Called Strike
1-1: Ball
2-1: Swinging Strike
2-2: Strikes out swinging
Batting: RHB Jasa Anastasijevic 0-0: Called Strike
0-1: Called Strike
0-2: Foul Ball, location: 2F
0-2: Ball
1-2: Strikes out swinging
Batting: RHB Armando Silva 0-0: Ball
1-0: Called Strike
1-1: Swinging Strike
1-2: Ball
2-2: Strikes out swinging
Top of the 2nd over - 0 runs, 0 hits, 0 errors, 0 left on base; Newcastle 2 - Germantown 0
BOTTOM OF THE 2ND
Germantown Uruguayans batting - Pitching for Newcastle Mermen : LHP Sergio Gallegos
Batting: RHB José Ortega 0-0: Called Strike
0-1: Ground out 6-3 (Groundball, 6)
Batting: RHB Scipione Borghese 0-0: SOLO HOME RUN (Flyball, 78XD), Distance : 414 ft
Batting: LHB Masamune Ueda 0-0: Swinging Strike
0-1: Ball
1-1: Ball
2-1: Ball
3-1: Base on Balls
Batting: RHB Adam Wiltern 0-0: Ball
1-0: Called Strike
1-1: Foul Ball, location: 2F
1-2: Ball
2-2: SINGLE (Flyball, 8RS)
Masamune Ueda to second
Batting: SHB Obke Preesman 0-0: Ball
1-0: Ball
2-0: Called Strike
2-1: Swinging Strike
2-2: Foul Ball, location: 2F
2-2: Strikes out swinging
Batting: SHB Aleksandr Lelyuk 0-0: Called Strike
0-1: Ball
1-1: Called Strike
1-2: Foul Ball, location: 2F
1-2: Foul Ball, location: 2F
1-2: Ball
2-2: Foul Ball, location: 2F
2-2: Foul Ball, location: 2F
2-2: Strikes out looking
Bottom of the 2nd over - 1 run, 2 hits, 0 errors, 2 left on base; Newcastle 2 - Germantown 1
TOP OF THE 3RD
Newcastle Mermen batting - Pitching for Germantown Uruguayans : LHP Armando Álvarez
Batting: RHB John Ryan 0-0: Ball
1-0: Fly out, F8 (Flyball, 89D)
Batting: RHB Estanislao Hirigoyen 0-0: Foul Ball, location: 2F
0-1: SINGLE (Line Drive, 8RS)
Batting: RHB Barsati Saraf 0-0: Ball
Passed Ball!
Estanislao Hirigoyen to second
1-0: Ball
2-0: Called Strike
2-1: Called Strike
2-2: Strikes out swinging
Batting: SHB José García 0-0: Ball
1-0: Called Strike
1-1: SINGLE (Line Drive, 3D)
Estanislao Hirigoyen to third
Batting: RHB Seung-hwan Pak 0-0: Ball
1-0: SINGLE (Groundball, 56D)
Estanislao Hirigoyen scores
José García to second
Batting: RHB Scott French 0-0: Foul Ball, location: 2F
0-1: Called Strike
0-2: Strikes out looking
Top of the 3rd over - 1 run, 3 hits, 0 errors, 2 left on base; Newcastle 3 - Germantown 1
BOTTOM OF THE 3RD
Germantown Uruguayans batting - Pitching for Newcastle Mermen : LHP Sergio Gallegos
Batting: RHB Jurgen Flurgenburgen 0-0: Ball
1-0: SINGLE (Line Drive, 56D)
Batting: RHB Sasha Orlovsky 0-0: Called Strike
0-1: Ball
1-1: Called Strike
Jurgen Flurgenburgen steals 2nd base
1-2: Hit by Pitch
Batting: LHB Felipe Dávila 0-0: Foul Ball, location: 2F
0-1: Ball
1-1: Ball
2-1: DOUBLE (Line Drive, 89D)
Jurgen Flurgenburgen scores
Sasha Orlovsky to third
Runner from 3rd tries for Home, SAFE, no throw
Batting: RHB José Ortega 0-0: Ground out 3-1 (Groundball, 34)
Felipe Dávila to third
Batting: RHB Scipione Borghese 0-0: Swinging Strike
0-1: Ball
1-1: Foul Ball, location: 2F
1-2: Ball
2-2: Strikes out swinging
Batting: LHB Masamune Ueda 0-0: Ball
1-0: Fly out, F5 (Popup, 6S)
Bottom of the 3rd over - 2 runs, 2 hits, 0 errors, 1 left on base; Newcastle 3 - Germantown 3
TOP OF THE 4TH
Newcastle Mermen batting - Pitching for Germantown Uruguayans : LHP Armando Álvarez
Batting: RHB Katsuyuki Nakamura 0-0: Foul Ball, location: 2F
0-1: Called Strike
0-2: Strikes out swinging
Batting: RHB Jasa Anastasijevic 0-0: Called Strike
0-1: Swinging Strike
0-2: Ball
1-2: Ball
2-2: Ball
3-2: Fly out, F7 (Flyball, 7D)
Batting: RHB Armando Silva 0-0: Ball
1-0: Ball
2-0: Ball
3-0: Called Strike
3-1: Ground out 6-3 (Groundball, 6)
Top of the 4th over - 0 runs, 0 hits, 0 errors, 0 left on base; Newcastle 3 - Germantown 3
BOTTOM OF THE 4TH
Germantown Uruguayans batting - Pitching for Newcastle Mermen : LHP Sergio Gallegos
Batting: RHB Adam Wiltern 0-0: Swinging Strike
0-1: Bunt missed!
0-2: Foul Ball, location: 2F
0-2: Foul Ball, location: 2F
0-2: Strikes out swinging
Batting: SHB Obke Preesman 0-0: Ball
1-0: Swinging Strike
1-1: Ball
2-1: Ball
3-1: Called Strike
3-2: SINGLE (Line Drive, 7LM)
Batting: SHB Aleksandr Lelyuk 0-0: Swinging Strike
0-1: Fly out, F7 (Flyball, 78M)
Batting: RHB Jurgen Flurgenburgen 0-0: Foul Ball, location: 2F
0-1: Foul Ball, location: 2F
0-2: Ball
1-2: DOUBLE (Line Drive, 7LM)
Obke Preesman to third
Runner from 3rd tries for Home, SAFE, no throw
Batting: RHB Sasha Orlovsky 0-0: Ball
1-0: Ball
2-0: Called Strike
Jurgen Flurgenburgen steals 3rd base
2-1: Foul Ball, location: 2F
2-2: Fly out, F8 (Flyball, 8RM)
Bottom of the 4th over - 1 run, 2 hits, 0 errors, 1 left on base; Newcastle 3 - Germantown 4
TOP OF THE 5TH
Newcastle Mermen batting - Pitching for Germantown Uruguayans : LHP Armando Álvarez
Batting: RHB John Ryan 0-0: Called Strike
0-1: Foul Ball, location: 2F
0-2: Ball
1-2: Strikes out swinging
Batting: RHB Estanislao Hirigoyen 0-0: Ball
1-0: Foul Ball, location: 2F
1-1: SINGLE (Groundball, 6MD)
Batting: RHB Barsati Saraf 0-0: Hit by Pitch
Estanislao Hirigoyen to second
Batting: SHB José García 0-0: Foul Ball, location: 2F
0-1: Ball
1-1: Ball
2-1: Fly out, F9 (Flyball, 89D)
Runner from 2nd tags up, SAFE at 3rd, no throw
Batting: RHB Seung-hwan Pak 0-0: Swinging Strike
0-1: Foul Ball, location: 2F
0-2: Strikes out looking
Top of the 5th over - 0 runs, 1 hit, 0 errors, 2 left on base; Newcastle 3 - Germantown 4
BOTTOM OF THE 5TH
Germantown Uruguayans batting - Pitching for Newcastle Mermen : LHP Sergio Gallegos
Batting: LHB Felipe Dávila 0-0: Called Strike
0-1: Ball
1-1: Called Strike
1-2: Strikes out looking
Batting: RHB José Ortega 0-0: Ball
1-0: Ball
2-0: Foul Ball, location: 2F
2-1: Called Strike
2-2: Ball
3-2: Strikes out swinging
Batting: RHB Scipione Borghese 0-0: Called Strike
0-1: Ball
1-1: Ball
2-1: Called Strike
2-2: Strikes out looking
Bottom of the 5th over - 0 runs, 0 hits, 0 errors, 0 left on base; Newcastle 3 - Germantown 4
TOP OF THE 6TH
Newcastle Mermen batting - Pitching for Germantown Uruguayans : LHP Armando Álvarez
Batting: RHB Scott French 0-0: Foul Ball, location: 2F
0-1: Called Strike
0-2: Ground out U3 (Groundball, 3)
Batting: RHB Katsuyuki Nakamura 0-0: Foul Ball, location: 2F
0-1: Called Strike
0-2: Ball
1-2: Hit by Pitch
Batting: RHB Jasa Anastasijevic 0-0: Called Strike
0-1: Foul Ball, location: 2F
0-2: Fly out, F7 (Flyball, 7S)
Batting: RHB Armando Silva 0-0: Called Strike
0-1: Foul Ball, location: 2F
0-2: Strikes out swinging
Top of the 6th over - 0 runs, 0 hits, 0 errors, 1 left on base; Newcastle 3 - Germantown 4
BOTTOM OF THE 6TH
Germantown Uruguayans batting - Pitching for Newcastle Mermen : LHP Sergio Gallegos
Batting: LHB Masamune Ueda 0-0: Ball
1-0: SOLO HOME RUN (Flyball, 9LD), Distance : 338 ft
Pitching: LHP Philip Courtenay
Batting: RHB Adam Wiltern 0-0: SINGLE (Line Drive, 56D)
Batting: SHB Obke Preesman 0-0: Called Strike
0-1: Swinging Strike
0-2: Foul Ball, location: 2F
0-2: Ball
1-2: Fly out, F8 (Flyball, 8RM)
Batting: SHB Aleksandr Lelyuk 0-0: Called Strike
Adam Wiltern steals 2nd base
0-1: Ball
1-1: Ball
2-1: Foul Ball, location: 2F
2-2: Strikes out swinging
Batting: RHB Jurgen Flurgenburgen 0-0: Called Strike
0-1: Ball
1-1: Swinging Strike
1-2: Ball
2-2: Fly out, F7 (Flyball, 7LSF)
Bottom of the 6th over - 1 run, 2 hits, 0 errors, 1 left on base; Newcastle 3 - Germantown 5
TOP OF THE 7TH
Newcastle Mermen batting - Pitching for Germantown Uruguayans : LHP Armando Álvarez
Batting: RHB John Ryan 0-0: Foul Ball, location: 2F
0-1: Ball
1-1: Foul Ball, location: 2F
1-2: Ball
2-2: Foul Ball, location: 2F
2-2: Fly out, F8 (Flyball, 8RM)
Batting: RHB Estanislao Hirigoyen 0-0: Hit by Pitch
Pitching: LHP Bradley Leeder
Batting: RHB Barsati Saraf 0-0: Ball
1-0: Ball
2-0: Swinging Strike
2-1: Foul Ball, location: 2F
2-2: Ball
3-2: Strikes out swinging
Batting: SHB José García 0-0: Called Strike
0-1: Ball
1-1: Ball
2-1: Ball
3-1: Called Strike
3-2: Base on Balls
Estanislao Hirigoyen to second
Batting: RHB Seung-hwan Pak 0-0: Called Strike
0-1: Swinging Strike
0-2: Fly out, F7 (Flyball, 78M)
Top of the 7th over - 0 runs, 0 hits, 0 errors, 2 left on base; Newcastle 3 - Germantown 5
BOTTOM OF THE 7TH
Germantown Uruguayans batting - Pitching for Newcastle Mermen : LHP Philip Courtenay
Batting: RHB Sasha Orlovsky 0-0: Fly out, F9 (Flyball, 9LM)
Batting: LHB Felipe Dávila 0-0: Ball
1-0: Ball
2-0: Called Strike
2-1: Ball
3-1: Foul Ball, location: 2F
3-2: SINGLE (Flyball, 89M)
Batting: RHB José Ortega 0-0: Called Strike
0-1: Ball
1-1: Ball
2-1: Ball
3-1: Foul Ball, location: 2F
3-2: Strikes out looking
Batting: RHB Scipione Borghese 0-0: Fly out, F9 (Flyball, 89D)
Bottom of the 7th over - 0 runs, 1 hit, 0 errors, 1 left on base; Newcastle 3 - Germantown 5
TOP OF THE 8TH
Newcastle Mermen batting - Pitching for Germantown Uruguayans : LHP Bradley Leeder
Batting: RHB Scott French 0-0: Swinging Strike
0-1: Foul Ball, location: 2F
0-2: Fly out, F8 (Flyball, 78M)
Batting: RHB Katsuyuki Nakamura 0-0: Swinging Strike
0-1: Ball
1-1: Ball
2-1: DOUBLE (Line Drive, 8LD)
Batting: RHB Jasa Anastasijevic 0-0: Foul Ball, location: 2F
0-1: Ball
1-1: Called Strike
1-2: Ground out 5-3 (Groundball, 56)
Batting: RHB Armando Silva 0-0: Ground out 5-3 (Groundball, 56)
Top of the 8th over - 0 runs, 1 hit, 0 errors, 1 left on base; Newcastle 3 - Germantown 5
BOTTOM OF THE 8TH
Germantown Uruguayans batting - Pitching for Newcastle Mermen : LHP Philip Courtenay
Batting: LHB Masamune Ueda 0-0: Ball
1-0: Ball
2-0: Ball
3-0: Called Strike
3-1: Called Strike
3-2: SINGLE (Line Drive, 34)
Batting: RHB Adam Wiltern 0-0: Sac Bunt - play at first, batter OUT! 2-3
Masamune Ueda to second
Batting: SHB Obke Preesman 0-0: Intentional Walk
Batting: SHB Aleksandr Lelyuk 0-0: Ball
1-0: Called Strike
1-1: Ball
2-1: SINGLE (Groundball, 4MD)
Masamune Ueda to third
Obke Preesman to second
Batting: RHB Jurgen Flurgenburgen 0-0: DOUBLE (Flyball, 78D)
Masamune Ueda scores
Obke Preesman scores
Aleksandr Lelyuk to third
Pitching: RHP Wilford Barnes
Batting: RHB Sasha Orlovsky 0-0: Called Strike
0-1: Swinging Strike
0-2: Ball
1-2: Ball
2-2: Ball
3-2: Foul Ball, location: 2F
3-2: Strikes out swinging wild pitch, reaches first!
Aleksandr Lelyuk scores
Jurgen Flurgenburgen to third
Batting: LHB Felipe Dávila 0-0: Fly out, F8 (Flyball, 89M)
Runner from 3rd tags up, SCORES, throw made
Batting: RHB José Ortega 0-0: Ball
Sasha Orlovsky steals 2nd base
1-0: Ball
2-0: Called Strike
2-1: Called Strike
2-2: Hit by Pitch
Batting: RHB Scipione Borghese 0-0: Called Strike
0-1: Foul Ball, location: 2F
0-2: Ball
1-2: Ball
2-2: DOUBLE (Line Drive, 9LS)
Sasha Orlovsky scores
José Ortega to third
Runner from 3rd tries for Home, SAFE, no throw
Batting: LHB Masamune Ueda 0-0: Ball
1-0: Swinging Strike
1-1: Swinging Strike
1-2: Ball
2-2: SINGLE (Flyball, 56D)
Scipione Borghese to third
Runner from 3rd tries for Home, throw and OUT!
Bottom of the 8th over - 6 runs, 5 hits, 0 errors, 1 left on base; Newcastle 3 - Germantown 11
TOP OF THE 9TH
Newcastle Mermen batting - Pitching for Germantown Uruguayans : LHP Bradley Leeder
Now in RF: Reynaldo Pérez
Batting: RHB John Ryan 0-0: Ball
1-0: Foul Ball, location: 2F
1-1: Foul Ball, location: 2F
1-2: Foul Ball, location: 2F
1-2: Ball
2-2: Foul Ball, location: 2F
2-2: Ground out 4-3 (Groundball, 34)
Batting: RHB Estanislao Hirigoyen 0-0: Ball
1-0: Called Strike
1-1: SINGLE (Flyball, 9S)
Pinch Hitting: RHB Garm van Opdorp 0-0: Fly out, F6 (Line Drive, 6)
Pinch Hitting: RHB John Batman 0-0: SINGLE (Line Drive, 7S)
Estanislao Hirigoyen to second
Batting: RHB Seung-hwan Pak 0-0: Called Strike
0-1: Ball
1-1: Foul Ball, location: 2F
1-2: Fly out, F3 (Popup, 3F)
Top of the 9th over - 0 runs, 2 hits, 0 errors, 2 left on base; Newcastle 3 - Germantown 11
Friday, March 29th, 2019 - OOTP Baseball 18.8 Build 76